 Dungeon Crawl Stone Soup version 0.31-a0-187-gba352fbbf7 (webtiles) character file.

Game seed: 16700759759446405476

23 qw the Shooter (level 2, -4/16 HPs)
             Began as a Deep Elf Hunter on June 22, 2023.
             Slain by an orc
             ... wielding a +0 flail
              (6 damage)
             ... on level 1 of the Dungeon.
             The game lasted 00:00:14 (967 turns).

qw the Shooter (Deep Elf Hunter)                     Turns: 967, Time: 00:00:15

Health: -4/16      AC:  6    Str:  8    XL:     2   Next: 75%
Magic:  4/4        EV: 10    Int: 13    God:
Gold:   55         SH:  0    Dex: 18    Spells: 1/1 levels left

rFire   . . .        Y - +0 shortbow
rCold   . . .        (shield currently unavailable)
rNeg    . . .        d - +0 ring mail
rPois   .            (no helmet)
rElec   .            (no cloak)
rCorr   .            h - +0 pair of gloves
SInv    .            (no boots)
Will    .....        (no amulet)
Stlth   +            (no ring)
HPRegen 0.22/turn    (no ring)
MPRegen 0.09/turn

%: no passive effects
@: no status effects
A: no striking features
a: no special abilities


You were on level 1 of the Dungeon.
You visited 1 branch of the dungeon, and saw 2 of its levels.

You collected 55 gold pieces.


   Skills:
 - Level 1.5 Fighting
 + Level 6.5 Ranged Weapons
 - Level 2.4 Dodging
 - Level 1.2 Stealth


You had one spell level left.
You didn't know any spells.
Your spell library was empty.

Inventory:

Hand Weapons
 Y - a +0 shortbow (weapon)
Armour
 d - a +0 ring mail (worn)
 h - a +0 pair of gloves (worn)
Potions
 f - a potion of lignification {unknown}
 j - a potion of degeneration {unknown}

Dungeon Overview and Level Annotations

Branches:
Dungeon (2/15)

Altars:

Shops:
D:1 ?


Message History

You kill the orc!
You shoot an arrow. The arrow closely misses the orc.
A rat comes into view.
You shoot an arrow. The arrow barely misses the orc.
The orc closely misses you. The orc hits you but does no damage.
You shoot an arrow. The arrow hits the orc!
You kill the orc!
The orc barely misses you. x2
You shoot an arrow. The arrow hits the orc.
The orc is almost dead.
The orc hits you with a +0 club. The orc misses you.
You shoot an arrow.
The arrow hits the orc but does no damage.
The orc is almost dead.
The orc barely misses you.
The orc closely misses you. x2; The orc misses you.
You shoot an arrow. The arrow hits the orc.
You kill the orc!
The rat bites you. The orc misses you.
You shoot an arrow. The arrow barely misses the orc.
The rat barely misses you. The orc hits you but does no damage.
You shoot an arrow. The arrow hits the orc.
The orc is moderately wounded.
The rat bites you but does no damage. The orc hits you with a +0 flail.
963 ||| STAIRDANCE The rat bites you but does no damage.
The orc misses you.
You climb upwards.
There is a stone staircase leading down here.
Enter note:
Enter note:
Enter note:
Enter note: You shoot an arrow.
The arrow barely misses the orc.
The rat bites you but does no damage. The orc hits you with a +0 flail!
Ouch! That really hurt!
You shoot an arrow. The arrow barely misses the orc.
The rat bites you but does no damage. The orc hits you with a +0 flail.
The rat bites you but does no damage. The orc closely misses you.
You shoot an arrow. The arrow barely misses the orc.
The rat barely misses you. The orc hits you with a +0 flail.
You die...

############
###?.......# ###
###.######.###.##
###.######.##.#o##
###.######.#.###@##
###.##......## ##r#
#.#.##.###.#.###.##
...........##.#.##
....##########.##
...## #.# #.##
#####.### #.#
#.......# #.##
#.###.#.#


You could see an orc and a rat.

Vanquished Creatures
  3 orcs (D:2)
  4 bats (D:1)
  2 endoplasms (D:1)
  A giant cockroach (D:1)
  2 goblins (D:1)
  3 frilled lizards (D:1)
  3 kobolds (D:1)
  3 rats
21 creatures vanquished.

Notes
Turn   | Place    | Note
-------+----------+-------------------------------------------
     0 | D:1      | qw the Deep Elf Hunter began the quest for the Orb.
     0 | D:1      | Reached XP level 1. HP: 12/12 MP: 3/3
     0 | D:1      | 0 ||| qw: Version: 0.3-a-9-g12657ce
     0 | D:1      | 0 ||| qw: Game counter: 2168
     0 | D:1      | 0 ||| qw: Always use a shield: true
     0 | D:1      | 0 ||| qw: God list: Okawaru
     0 | D:1      | 0 ||| qw: Allow faded altars: false
     0 | D:1      | 0 ||| qw: Do Orc after D:15 true
     0 | D:1      | 0 ||| qw: Do second Lair branch before Depths: true
     0 | D:1      | 0 ||| qw: Lair rune preference: random
     0 | D:1      | 0 ||| qw: Plans: Normal
     0 | D:1      | 0 ||| PLANNING D:1-11
   261 | D:1      | Found Jafomet's Magic Scroll Shoppe.
   266 | D:1      | 266 ||| SHOPLISTING scroll of enchant weapon (82 gold, have
                  | 15).
   266 | D:1      | 266 ||| SHOPLISTING scroll of identify (22 gold, have 15).
   266 | D:1      | 266 ||| SHOPLISTING scroll of teleportation (33 gold, have
                  | 15).
   496 | D:1      | Reached skill level 6 in Ranged Weapons
   496 | D:1      | Reached XP level 2. HP: 16/16 MP: 4/4
   914 | D:1      | 914 ||| UPGRADING to +0 ring mail.
   924 | D:1      | 924 ||| DROPPING +0 leather armour.
   925 | D:1      | 925 ||| UPGRADING to +0 pair of gloves.
   930 | D:1      | 930 ||| READING 2 scrolls labelled KOABEDOVEA.
   931 | D:1      | 931 ||| READING scroll labelled WUTTEV QUVIYL.
   932 | D:1      | 932 ||| READING scroll labelled OJOEHE VIKLE.
   933 | D:1      | 933 ||| DROPPING scroll of revelation.
   934 | D:1      | 934 ||| DROPPING scroll of butterflies.
   963 | D:2      | 963 ||| STAIRDANCE
   965 | D:1      | HP: 2/16 [orc/+0 flail (8)]
   967 | D:1      | Slain by an orc

Levels and vault maps discovered:
D:1:      dpeg_arrival_refuge, layout_loops_corners, serial_shops,
          nicolae_shop_just_a_little_nook
D:2:      layout_rooms, chequers_serial_rivers_room_b, uniq_jessica,
          uniq_sigmund

Skill      XL: |  1 |
---------------+----+-----
Ranged Weapons | 6 |  6.5
Fighting       | |  1.5
Dodging        | |  2.4
Stealth        | |  1.2

Action                     || total
---------------------------++-------
   Fire: Shortbow          ||    52
    Use: Scroll            ||     3
 Armour: Leather armour    ||     3
         Ring mail         ||     7
  Dodge: Dodged            ||    18

Table legend:
 A = Non-vault XP
 B = Vault XP
 C = Vault XP percentage of total XP
 D = Non-vault monster count
 E = Vault monster count
 F = Vault count percentage of total count
                 A         B        C        D         E       F
            +---------+---------+-------+---------+---------+-------
      Total |      34 |       0 |   0.0 |      21 |       0 |   0.0
            +---------+---------+-------+---------+---------+-------
        D:1 |      24 |       0 |   0.0 |      17 |       0 |   0.0
        D:2 |      10 |       0 |   0.0 |       4 |       0 |   0.0
            +---------+---------+-------+---------+---------+-------
